 Dungeon Crawl Stone Soup version 0.25-a0-42-g6c54e25894 (webtiles) character file.

Game seed: 16013043979975178256, levelgen mode: deterministic

452 Gynju the Magician (level 6, 0/32 HPs)
             Began as a Deep Elf Fire Elementalist on Oct 23, 2019.
             Slain by an orc wizard
             ... wielding a +2 dagger of protection
              (1 damage)
             ... on level 3 of the Dungeon.
             The game lasted 00:03:41 (3951 turns).

Gynju the Magician (Deep Elf Fire Elementalist)     Turns: 3951, Time: 00:03:42

Health: 0/32       AC:  6    Str:  7    XL:     6   Next: 75%
Magic:  12/16      EV: 15    Int: 20    God:
Gold:   75         SH:  0    Dex: 15    Spells: 7/15 levels left

rFire    . . .     SeeInvis .   p - +2 war axe (flame)
rCold    . . .     Gourm    .   (no shield)
rNeg     . . .     Faith    .   a - +0 robe
rPois    .         Spirit   .   m - +0 helmet
rElec    .         Reflect  .   i - +2 cloak
rCorr    .         Harm     .   (no gloves)
MR       .....                  (no boots)
Stlth    +.........             (no amulet)
HPRegen  0.10/turn              (no ring)
MPRegen  0.15/turn              (no ring)

@: confused
A: no striking features
a: no special abilities


You were on level 3 of the Dungeon.
You were not hungry.

You visited 1 branch of the dungeon, and saw 4 of its levels.

You collected 75 gold pieces.

Inventory:

Hand Weapons
 b - a +0 spear
 p - a +2 war axe of flaming (weapon)
Missiles
 e - 55 stones (quivered)
Armour
 a - a +0 robe (worn)
 i - a +2 cloak (worn)
 m - a +0 helmet (worn)
Jewellery
 g - a +4 ring of strength {unknown}
Scrolls
 d - 2 scrolls of enchant armour {unknown}
 f - 3 scrolls of identify {unknown}
 k - 2 scrolls of remove curse {unknown}
 n - a scroll of teleportation {unknown}
 o - a scroll of magic mapping {unknown}
 q - a scroll of random uselessness {unknown}
Potions
 h - a potion of berserk rage {unknown}
 j - 2 potions of flight {unknown}
 l - a potion of brilliance {unknown}
Comestibles
 c - 4 rations


   Skills:
 + Level 4.8 Dodging
 - Level 2.4 Stealth
 + Level 5.4 Spellcasting
 + Level 3.9 Conjurations
 + Level 5.0 Fire Magic


You had 7 spell levels left.
You knew the following spells:

 Your Spells              Type           Power        Failure   Level  Hunger
a - Flame Tongue          Conj/Fire      ###..        1%          1    None
b - Conjure Flame         Conj/Fire      ###.....     5%          3    ##.....
c - Sticky Flame          Conj/Fire      ###.....     17%         4    ####...

Your spell library contained the following spells:

 Spells                   Type           Power        Failure   Level  Hunger
 Throw Flame              Conj/Fire      ###...       2%          2    None
 Inner Flame              Hex/Fire       ###.....     12%         3    ##.....
 Fireball                 Conj/Fire      ###.......   43%         5    #####..


Dungeon Overview and Level Annotations

Branches:
Dungeon (4/15)
 Temple: D:4-7

Altars:


Message History

The orc shouts!
You bump into the rock wall.
Something completely misses you.
You hear some strange, mumbled words.
You are more confused.
You bump into the rock wall.
Something hits you but does no damage.
You hear some strange, mumbled words.
A puff of flame appears from out of thin air!
The puff of flame hits you. Something hits you.
The orc hits you with a +0 mace.
You completely miss something. You miss something. You hit the orc.
You burn the orc. Something barely misses you. Something hits you. x2
* * * LOW HITPOINT WARNING * * *
The orc hits you but does no damage.
You completely miss something. You hit the orc. You burn the orc.
You miss something. Something hits you.
* * * LOW HITPOINT WARNING * * *
Something hits you.
* * * LOW HITPOINT WARNING * * *
The orc hits you but does no damage. Something hits you.
You die...

....##########.#.####.# #.##
...........# ##.## #.# #.#
....######.# #.# #.# #.# .######
##.####.#####.##### #.#
.##...###.......).........####.#
.†..#.........#.##.............#
.##...###†....#.##.##.###.#.##.#
.###### #.(##.#{##.##.###.#.##.#
.########......{@..............#
............#.#o...##.......####
#########.#.#.#######.###..######
#.#.#.#####..............
#.#.........#)####.######
#.##...######†## #.#
#†#.....##.....# #.#
#..........###.###.# #.#.....##.#
#.....#


You could see an orc.

Vanquished Creatures
  Sigmund (D:2)
  An ice beast (D:3)
  An orc priest (D:3)
  Jessica (D:2)
  An orc wizard (D:3)
  2 adders (D:2)
  6 worms
  7 dart slugs
  3 leopard geckos
  2 orcs (D:3)
  12 bats
  3 giant cockroaches
  8 goblins
  6 hobgoblins
  2 jackals (D:2)
  3 frilled lizards
  11 kobolds
  11 rats
81 creatures vanquished.

Notes
Turn   | Place    | Note
-------+----------+-------------------------------------------
     0 | D:1      | Gynju the Deep Elf Fire Elementalist began the quest for
                  | the Orb.
     0 | D:1      | Reached XP level 1. HP: 10/10 MP: 6/6
   336 | D:1      | Reached XP level 2. HP: 15/15 MP: 8/8
  1190 | D:1      | Reached XP level 3. HP: 19/19 MP: 7/10
  1617 | D:2      | You fall into a shaft and drop 1 floor!
  1629 | D:3      | Noticed an ice beast
  1639 | D:3      | Killed an ice beast
  1639 | D:3      | Reached XP level 4. HP: 11/24 MP: 3/12
  1639 | D:3      | Reached XP level 5. HP: 13/28 MP: 3/13
  1813 | D:2      | Learned a level 3 spell: Conjure Flame
  1818 | D:2      | Learned a level 4 spell: Sticky Flame
  2013 | D:2      | Noticed Sigmund
  2017 | D:2      | Killed Sigmund
  2017 | D:2      | Reached skill level 5 in Spellcasting
  2017 | D:2      | Reached XP level 6. HP: 32/32 MP: 9/15
  2618 | D:2      | Noticed Jessica
  2620 | D:2      | Killed Jessica
  3942 | D:3      | Reached skill level 5 in Fire Magic
  3951 | D:3      | HP: 1/32 [something (4)]
  3951 | D:3      | Slain by an orc wizard

Levels and vault maps discovered:
D:1:      scummos_arrival_hexagon, layout_basic
D:2:      layout_loops_ring, serial_rivers, chequers_serial_rivers_small_a,
          chequers_serial_rivers_room_a, chequers_serial_rivers_micro_c,
          chequers_serial_rivers_micro_d, uniq_jessica, uniq_sigmund
D:3:      layout_loops_ring
D:4:      wander_river, layout_basic, minmay_temple_entry_slanted

Skill      XL: |  1  2  3  4  5  6 |
---------------+-------------------+-----
Dodging        | 3 4 |  4.8
Conjurations   | 2 3 |  3.9
Spellcasting   | 4 5 |  5.4
Fire Magic     | 4 5 |  5.0
Stealth        | |  2.4

Action                   |  1- 3 |  4- 6 || total
-------------------------+-------+-------++-------
Melee: Spear             |    33 |     7 ||    40
       War axe           |       |     4 ||     4
 Cast: Flame Tongue      |    52 |    97 ||   149
       Conjure Flame     |       |     2 ||     2
 Stab: Sleeping          |     2 |       ||     2
  Eat: Chunk             |     2 |     5 ||     7
       Ration            |       |     1 ||     1
Armor: Robe              |    12 |     8 ||    20
Dodge: Dodged            |    32 |    28 ||    60

Table legend:
 A = Non-vault XP
 B = Vault XP
 C = Vault XP percentage of total XP
 D = Non-vault monster count
 E = Vault monster count
 F = Vault count percentage of total count
                 A         B        C        D         E       F
            +---------+---------+-------+---------+---------+-------
      Total |     390 |     257 |  39.7 |      79 |       2 |   2.5
            +---------+---------+-------+---------+---------+-------
        D:1 |      61 |       0 |   0.0 |      31 |       0 |   0.0
        D:2 |      88 |     257 |  74.5 |      26 |       2 |   7.1
        D:3 |     241 |       0 |   0.0 |      22 |       0 |   0.0
            +---------+---------+-------+---------+---------+-------
